 Dungeon Sprint DCSS version 0.28.0-43-g3370ac3207 (webtiles) character file.

Game seed: 11978413953561893723

9500000 smarlow the Archmage (level 27, -2/228 HPs)
             Began as a Djinni Warper on Mar 3, 2022.
             Was the Champion of Makhleb.
             Slain by The Servant
             ... wielding a +9 glaive of flaming
              (105 damage)
             ... in the Dungeon (Sprint VIII: "Arena of Blood").
             The game lasted 00:06:06 (95 turns).

smarlow the Archmage (Djinni Warper)                  Turns: 95, Time: 00:06:07

Health: -2/228     AC: 12    Str: 20    XL:     27
Gold:   0          EV: 27    Int: 17    God:    Makhleb [******] SH:  0 Dex: 15

rFire   + + .      SeeInvis +   i - +∞ Axe of Woe
rCold   . . .      Faith    .   (shield currently unavailable)
rNeg    + + +      Spirit   .   b - +0 leather armour
rPois   ∞          Reflect  .   (no helmet)
rElec   .          Harm     .   (no cloak)
rCorr   .          Rampage  .   (no gloves)
Will    +++..      NoTele   +   (boots unavailable)
Stlth   +++++++++.              (no amulet)
HPRegen 0.48/turn               g - ring of see invisible
MPRegen 0.00/turn               (no ring)

@: lich-form, flying
A: draining attack, torment immunity, no potions, flying, sickness immunity,
fire resistance 2, cold vulnerability 1, float, innate caster, HP casting, extra
vitality 1
a: End Transformation, Renounce Religion, Minor Destruction, Lesser Servant of
Makhleb, Major Destruction, Greater Servant of Makhleb


You were in the Dungeon.
You worshipped Makhleb.
Makhleb was exalted by your worship.
You were an undead lich.
You visited 1 branch

Inventory:

Hand Weapons
 a - a +0 hand axe
 i - the +∞ Axe of Woe (weapon)
   (You found it in the Dungeon)
Missiles
 d - 5 boomerangs of dispersal (quivered)
Armour
 b - a +0 leather armour (worn)
Jewellery
 g - a ring of see invisible (left hand)
Scrolls
 c - 2 scrolls of blinking
Potions
 e - a potion of curing
 f - a potion of heal wounds
 h - a potion of berserk rage


   Skills:
 O Level 27 Fighting
 O Level 27 Short Blades
 O Level 27 Long Blades
 O Level 27 Axes
 O Level 27 Maces & Flails
 O Level 27 Polearms
 O Level 27 Staves
 O Level 27 Slings
 O Level 27 Bows
 O Level 27 Crossbows
 O Level 27 Throwing
 O Level 27 Armour
 O Level 27 Dodging
 O Level 27 Stealth
 O Level 27 Shields
 O Level 27 Unarmed Combat
 O Level 27 Spellcasting
 O Level 27 Invocations
 O Level 27 Evocations


You couldn't memorise any spells.
You knew the following spells:

 Your Spells              Type           Power      Damage    Failure   Level
a - Blink                 Tloc           100%       N/A       0%          2
b - Lesser Beckoning      Tloc           86%        N/A       0%          3
c - Gell's Gravitas       Tloc           86%        N/A       0%          3
d - Teleport Other        Tloc           86%        N/A       0%          3
e - Manifold Assault      Tloc           86%        N/A       0%          5
f - Summon Small Mammal   Summ           100%       N/A       0%          1
g - Scorch                Fire           100%       2d10      0%          2
h - Ensorcelled Hibernat  Hex/Ice        100%       N/A       0%          2
i - Ignite Poison         Fire/Tmut/Pois 86%        N/A       0%          3
j - Summon Lightning Spi  Summ/Air       86%        N/A       0%          4
k - Summon Forest         Summ/Tloc      43%        N/A       0%          5
l - Statue Form           Tmut/Erth      57%        N/A       0%          6
m - Haunt                 Necr/Summ      53%        N/A       1%          7
n - Storm Form            Tmut/Air       43%        N/A       1%          7
o - Summon Hydra          Summ           43%        N/A       1%          7
p - Summon Horrible Thin  Summ           43%        N/A       1%          8
q - Necromutation         Tmut/Necr      53%        N/A       1%          8
r - Shatter               Erth           43%        3d33*     2%          9
Your spell library was empty.

Dungeon Overview and Level Annotations

Branches:
Dungeon (1/1)

Altars:
Makhleb

Annotations:
D The Defiler, The Servant


Innate Abilities, Weirdness & Mutations

You are an undead lich.
Your unarmed attacks are suffused with negative energy.
You are immune to unholy pain and torment.
Your necromantic spells are more powerful.
You cannot drink.
You are flying.
You are immune to sickness and miasma.
You are immune to poison.
Your flesh is very heat resistant. (rF++)
You are vulnerable to cold. (rC-)
You float through the air rather than walking.
You learn spells naturally, not from books.
Your magical power is your life essence.
You have superior vitality. (+4 MHP)


Message History

You hear a shout! x2
A bag of meat comes into view. It is wielding a +9 war axe.
You hear a shout! x2
The observer gazes at you. Something smites you!
You hear a shout! x4
The meat berserker hits you with a +9 battleaxe!!!
You slash the meat berserker!
You butcher the meat berserker messily.
You kill the meat berserker!
Makhleb accepts your kill.
You hear a shout! x4
A bag of meat comes into view. It is wielding a +9 war axe.
You hear a shout!
Unknown command.
You slice the meat beast!!
You butcher the meat beast messily.
You kill the meat beast!
Makhleb accepts your kill.
You feel better. The observer gazes at you. Something smites you!
The dread throws damnation at you.
The sphere of damnation explodes!
The damnation engulfs you!
You hear a shout!
A meat beast comes into view.
Casting: Shatter (dangerous; 2% risk of failure)
Confirm with . or Enter, or press ? or * to list all spells.
Okay, then.
You cannot drink potions in your current state!
Casting: Shatter (dangerous; 2% risk of failure)
Confirm with . or Enter, or press ? or * to list all spells.
You blink. 4 bags of meat, an observer, a sculptor of flesh, 2 destroyers, a meat berserker and The Defiler come into view.
A destroyer is wielding a +9 vorpal great sword.
A destroyer is wielding a +9 vorpal great sword.
The Defiler is wielding a +9 vorpal demon whip.
The bag of meat shouts!
The observer turns its gaze towards you.
The Defiler shouts!
You hear a shout! x4
A tyrant comes into view.
You hear a shout! x2
The Servant hits you with a +9 glaive of flaming!!!!
You die...

##.......)........#
.......).)..).......###
..O....)))))##..#......
.....o..))).O..........
##....).##§)#.........@
......G))..............
o........G#.........#
o............o.o..####o
#....GO.......WL.......
.#.......))....@.O.Do..
.........).)....o..VG.L
...2.....)))........V..
.....#...))).#.........
....#...)...#......z..
.#♣#....)..###....o..
......###))..........
......._.......♣.


You could see a tyrant, The Servant, an eight-headed meat hydra, 2 destroyers, 2
observers, a sculptor of flesh, The Defiler, a dread, 2 meat berserkers and 6
bags of meat.

Vanquished Creatures
  11 hell beasts (D)
  6 royal mummies (D)
  A great orb of eyes (D)
  3 wraiths (D)
  5 vampire knights (D)
  33 ogres (D)
  7 two-headed ogres (D)
  2 liches (D)
  4 hydras (D)
  54 orcs (D)
  3 phantoms (D)
  4 skeletal warriors (D)
133 creatures vanquished.

Notes
Turn   | Place    | Note
-------+----------+-------------------------------------------
     0 | D        | Found the +∞ Axe of Woe
     0 | D        | smarlow the Djinni Warper began the quest for the Orb.
     0 | D        | Reached XP level 1. HP: 18/18 MP: 0/0
     1 | D        | Noticed a bag of meat
     3 | D        | Became a worshipper of Makhleb the Destroyer
     3 | D        | Noticed a bag of meat
     4 | D        | Noticed a bag of meat
     4 | D        | Noticed a bag of meat
     4 | D        | Noticed a bag of meat
     4 | D        | Noticed a bag of meat
     5 | D        | Killed a bag of meat
     6 | D        | Reached skill level 10 in Dodging
     6 | D        | Reached skill level 15 in Spellcasting
     6 | D        | Reached XP level 2. HP: 34/34 MP: 0/0
     6 | D        | Reached XP level 3. HP: 40/40 MP: 0/0
     6 | D        | Learned a level 1 spell: Summon Small Mammal
     6 | D        | Reached XP level 4. HP: 45/45 MP: 0/0
     6 | D        | Reached XP level 5. HP: 50/50 MP: 0/0
     6 | D        | Learned a level 2 spell: Scorch
     6 | D        | Reached XP level 6. HP: 57/57 MP: 0/0
     6 | D        | Reached XP level 7. HP: 61/61 MP: 0/0
     6 | D        | Learned a level 2 spell: Ensorcelled Hibernation
     6 | D        | Reached XP level 8. HP: 67/67 MP: 0/0
     6 | D        | Reached XP level 9. HP: 73/73 MP: 0/0
     6 | D        | Learned a level 3 spell: Ignite Poison
     6 | D        | Reached XP level 10. HP: 78/78 MP: 0/0
     6 | D        | Reached XP level 11. HP: 84/84 MP: 0/0
     6 | D        | Learned a level 4 spell: Summon Lightning Spire
     6 | D        | Noticed a bag of meat
     6 | D        | Noticed a bag of meat
     7 | D        | Killed a bag of meat
     7 | D        | Reached * piety under Makhleb
     7 | D        | Killed a bag of meat
     7 | D        | Noticed a meat berserker
     7 | D        | Noticed a meat berserker
     8 | D        | Reached XP level 12. HP: 95/95 MP: 0/0
     8 | D        | Reached XP level 13. HP: 101/101 MP: 0/0
     8 | D        | Learned a level 5 spell: Summon Forest
     8 | D        | Killed a bag of meat
     8 | D        | Killed a bag of meat
     8 | D        | Reached ** piety under Makhleb
     8 | D        | Noticed a meat berserker
     8 | D        | Noticed a bag of meat
     8 | D        | Noticed a bag of meat
     9 | D        | Reached XP level 14. HP: 111/111 MP: 0/0
     9 | D        | Killed a bag of meat
     9 | D        | Killed a bag of meat
    10 | D        | Reached skill level 15 in Fighting
    11 | D        | Noticed a bag of meat
    11 | D        | Noticed a bag of meat
    11 | D        | Noticed a bag of meat
    13 | D        | Noticed a bag of meat
    13 | D        | Noticed a bag of meat
    13 | D        | Noticed a bag of meat
    13 | D        | Noticed a meat berserker
    13 | D        | Noticed a bag of meat
    13 | D        | Noticed a bag of meat
    13 | D        | Noticed a bag of meat
    13 | D        | Noticed a bag of meat
    13 | D        | Noticed a bag of meat
    14 | D        | Killed a meat berserker
    14 | D        | Reached *** piety under Makhleb
    14 | D        | Noticed a bag of meat
    14 | D        | Noticed a bag of meat
    15 | D        | Reached skill level 15 in Axes
    15 | D        | Reached skill level 15 in Dodging
    15 | D        | Reached XP level 15. HP: 70/121 MP: 0/0
    15 | D        | Learned a level 6 spell: Statue Form
    15 | D        | Noticed a meat berserker
    16 | D        | Reached **** piety under Makhleb
    16 | D        | Killed a meat berserker
    17 | D        | Reached skill level 5 in Armour
    17 | D        | Reached XP level 16. HP: 71/132 MP: 0/0
    17 | D        | Noticed a large bag of meat
    17 | D        | Killed a meat berserker
    17 | D        | Killed a meat berserker
    17 | D        | Noticed a meat berserker
    17 | D        | Noticed a large bag of meat
    18 | D        | Reached skill level 27 in Spellcasting
    18 | D        | Reached XP level 17. HP: 145/145 MP: 0/0
    18 | D        | Learned a level 7 spell: Haunt
    19 | D        | Reached ***** piety under Makhleb
    20 | D        | Reached XP level 18. HP: 157/157 MP: 0/0
    20 | D        | Noticed a meat berserker
    21 | D        | Reached skill level 5 in Throwing
    21 | D        | Killed a meat berserker
    21 | D        | Reached ****** piety under Makhleb
    21 | D        | Killed a meat berserker
    22 | D        | Reached skill level 27 in Fighting
    22 | D        | Reached skill level 27 in Axes
    22 | D        | Reached skill level 10 in Throwing
    22 | D        | Reached skill level 27 in Dodging
    22 | D        | Reached XP level 19. HP: 174/174 MP: 0/0
    22 | D        | Learned a level 7 spell: Storm Form
    22 | D        | Noticed a destroyer
    22 | D        | Noticed a destroyer
    23 | D        | Killed a large bag of meat
    23 | D        | Noticed a meat berserker
    23 | D        | Noticed a meat berserker
    24 | D        | Reached XP level 20. HP: 181/181 MP: 0/0
    25 | D        | Killed a meat berserker
    26 | D        | Killed a large bag of meat
    26 | D        | Noticed a meat berserker
    27 | D        | Reached skill level 27 in Armour
    27 | D        | Reached XP level 21. HP: 187/187 MP: 0/0
    27 | D        | Learned a level 7 spell: Summon Hydra
    27 | D        | Killed a destroyer
    27 | D        | Noticed a large bag of meat
    28 | D        | Reached skill level 27 in Throwing
    28 | D        | Killed a meat berserker
    28 | D        | Killed a meat berserker
    28 | D        | Killed a destroyer
    28 | D        | Noticed a large bag of meat
    29 | D        | Reached XP level 22. HP: 194/194 MP: 0/0
    29 | D        | Noticed a destroyer
    31 | D        | Noticed a meat berserker
    31 | D        | HP: 6/252 [meat berserker/+9 battleaxe (29)]
    32 | D        | Killed a large bag of meat
    32 | D        | Killed a meat berserker
    33 | D        | Reached XP level 23. HP: 100/201 MP: 0/0
    33 | D        | Learned a level 8 spell: Summon Horrible Things
    33 | D        | Killed a destroyer
    35 | D        | Reached skill level 27 in Stealth
    35 | D        | Noticed a destroyer
    35 | D        | Noticed a large bag of meat
    36 | D        | Reached skill level 10 in Short Blades
    36 | D        | Reached skill level 10 in Long Blades
    36 | D        | Reached skill level 10 in Staves
    36 | D        | Reached skill level 10 in Shields
    36 | D        | Reached skill level 10 in Unarmed Combat
    36 | D        | Reached skill level 10 in Invocations
    36 | D        | Reached skill level 10 in Evocations
    36 | D        | Killed a large bag of meat
    37 | D        | Reached XP level 24. HP: 156/208 MP: 0/0
    37 | D        | Noticed a destroyer
    38 | D        | Killed a destroyer
    39 | D        | Killed a destroyer
    40 | D        | Reached skill level 15 in Short Blades
    40 | D        | Reached skill level 15 in Long Blades
    40 | D        | Reached skill level 15 in Shields
    40 | D        | Reached skill level 15 in Unarmed Combat
    40 | D        | Reached skill level 15 in Invocations
    40 | D        | Reached skill level 15 in Evocations
    40 | D        | Noticed an accursed
    40 | D        | Noticed an accursed
    42 | D        | Noticed an accursed
    42 | D        | Killed an accursed
    43 | D        | Reached skill level 15 in Maces & Flails
    43 | D        | Reached skill level 15 in Polearms
    43 | D        | Reached skill level 15 in Staves
    43 | D        | Reached XP level 25. HP: 177/214 MP: 0/0
    43 | D        | Learned a level 8 spell: Necromutation
    44 | D        | Noticed an accursed
    46 | D        | Reached skill level 15 in Slings
    46 | D        | Reached skill level 15 in Bows
    46 | D        | Reached skill level 15 in Crossbows
    46 | D        | Noticed an accursed
    46 | D        | Killed an accursed
    46 | D        | Noticed a tyrant
    47 | D        | Killed a large bag of meat
    48 | D        | Reached XP level 26. HP: 136/221 MP: 0/0
    48 | D        | Noticed an accursed
    49 | D        | Killed an accursed
    49 | D        | Killed a tyrant
    54 | D        | Noticed a meat beast
    55 | D        | Killed an accursed
    55 | D        | Noticed a large bag of meat
    56 | D        | Reached XP level 27. HP: 173/228 MP: 0/0
    56 | D        | Learned a level 9 spell: Shatter
    56 | D        | Noticed a dread
    56 | D        | Killed a meat beast
    58 | D        | Noticed a dread
    59 | D        | Noticed a meat beast
    60 | D        | Noticed a tyrant
    61 | D        | Killed a dread
    61 | D        | Killed a dread
    62 | D        | Noticed a large bag of meat
    63 | D        | Killed a meat beast
    65 | D        | Reached skill level 27 in Shields
    65 | D        | Reached skill level 27 in Unarmed Combat
    65 | D        | Reached skill level 27 in Invocations
    65 | D        | Reached skill level 27 in Evocations
    65 | D        | Killed an accursed
    65 | D        | Killed a large bag of meat
    66 | D        | Reached skill level 27 in Short Blades
    66 | D        | Reached skill level 27 in Long Blades
    66 | D        | Noticed a meat beast
    67 | D        | Killed an accursed
    68 | D        | Reached skill level 27 in Staves
    68 | D        | Noticed a meat beast
    68 | D        | Noticed a meat beast
    68 | D        | Noticed a dread
    69 | D        | Reached skill level 27 in Maces & Flails
    69 | D        | Reached skill level 27 in Polearms
    69 | D        | Noticed a meat beast
    70 | D        | Reached skill level 27 in Slings
    72 | D        | Reached skill level 27 in Bows
    72 | D        | Reached skill level 27 in Crossbows
    72 | D        | Killed a tyrant
    72 | D        | Killed a meat beast
    73 | D        | Killed a large bag of meat
    73 | D        | Killed a meat beast
    74 | D        | Killed a meat beast
    74 | D        | Killed a meat beast
    76 | D        | Noticed a meat beast
    76 | D        | Noticed a meat beast
    76 | D        | Noticed a meat beast
    79 | D        | Killed a meat beast
    79 | D        | Killed a dread
    80 | D        | Noticed a meat beast
    81 | D        | Killed a meat beast
    82 | D        | Killed a meat beast
    84 | D        | Killed a meat beast
    87 | D        | Noticed a dread
    90 | D        | Noticed a meat beast
    91 | D        | Noticed The Servant
    94 | D        | Killed a meat beast
    94 | D        | Noticed a meat beast
    95 | D        | Noticed a destroyer
    95 | D        | Noticed a destroyer
    95 | D        | Noticed The Defiler
    95 | D        | Noticed a tyrant
    95 | D        | Slain by The Servant

Illustrated notes

Levels and vault maps discovered:
D:        meatsprint

Skill      XL: |  1  2  3  4  5  6  7  8  9 10 11 12 13 14 15 16 17 18 19 20 21 22 23 24 25 26 27 |
---------------+----------------------------------------------------------------------------------+-----
Fighting       | 9 12 13 16 18 20 22 27 | 27.0
Axes           | 8 11 12 15 18 21 24 27 | 27.0
Throwing       | 3 4 10 18 25 27 | 27.0
Armour         | 2 3 4 5 6 7 13 21 27 | 27.0
Dodging        | 10 12 13 15 17 19 21 27 | 27.0
Spellcasting   | 15 19 21 24 26 27 | 27.0
Short Blades   | 9 12 16 18 21 27 | 27.0
Long Blades    | 9 12 16 18 21 27 | 27.0
Maces & Flails | 8 11 15 17 20 27 | 27.0
Polearms       | 8 11 15 17 20 27 | 27.0
Staves         | 9 12 15 18 20 27 | 27.0
Slings         | 8 11 14 16 19 27 | 27.0
Bows           | 8 11 14 16 19 27 | 27.0
Crossbows      | 8 11 14 16 19 27 | 27.0
Stealth        | 9 22 27 | 27.0
Shields        | 9 12 16 19 22 27 | 27.0
Unarmed Combat | 9 12 16 19 22 27 | 27.0
Invocations    | 9 12 16 19 22 27 | 27.0
Evocations     | 9 12 16 19 22 27 | 27.0

Action                   |  1- 3 |  4- 6 |  7- 9 | 10-12 | 13-15 | 16-18 | 19-21 | 22-24 | 25-27 || total
-------------------------+-------+-------+-------+-------+-------+-------+-------+-------+-------++-------
Melee: Executioner's axe |     1 |       |       |     1 |     5 |     4 |     7 |     9 |    34 ||    61
 Cast: Summon Forest     |       |       |       |       |     1 |       |       |       |       ||     1
       Statue Form       |       |       |       |       |       |     1 |       |       |       ||     1
       Blink             |       |       |       |       |       |       |       |     1 |     2 ||     3
       Shatter           |       |       |       |       |       |       |       |       |     4 ||     4
       Necromutation     |       |       |       |       |       |       |       |       |     1 ||     1
  Use: Potion            |       |       |       |       |       |       |       |       |     1 ||     1
Armor: Skin              |       |       |       |       |       |       |     1 |    10 |     4 ||    15
       Leather armour    |       |       |       |       |       |       |       |       |     2 ||     2
Dodge: Dodged            |       |       |       |       |       |     3 |     2 |     5 |     8 ||    18
